[Event "Prague Open 2025"]
[Site "Prague"]
[Date "2025.01.11"]
[Round "2.3"]
[White "Siles, Jan"]
[Black "Jain Kashish Manoj"]
[Result "0-1"]
[Annotator "RC"]
[ECO "D12"]
[WhiteElo "2065"]
[BlackElo "2363"]
[PlyCount "106"]
[EventDate "2025.01.07"]
[EventType "swiss"]
[EventCountry "CZE"]
[SourceTitle "playchess.com"]
[Source "ChessBase"]
[SourceQuality "1"]
[TimeControl "40/5400+30:1800+30"]

1. d4 d5 2. c4 c6 3. Nf3 Nf6 4. e3 Bf5 5. Nc3 e6 6. Nh4 Bg6 7. Be2 Nbd7 8. O-O Be7 9. g3 dxc4 10. Nxg6 hxg6 11. Bxc4 b5 12. Bd3 O-O 13. b3 a6 14. Ne4 e5 15. Bb2 exd4 16. exd4 Nd5 17. Rc1 Rc8 18. Be2 Qb6 19. Bf3 Rfd8 20. Re1 Nf8 21. Nc3 Nxc3 22. Bxc3 Bf6 23. Bg4 Rb8 24. Qf3 Rd5 25. Qg2 Bxd4 26. Bf3 Bxc3 27. Rxc3 Qa5 28. Rec1 Rd6 29. Rxc6 Rxc6 30. Bxc6 Qxa2 31. Bd5 Qd2 32. Ra1 Rd8 33. Bb7 Qc3 34. Qf1 a5 35. Ba6 Rb8 36. Qe1 Qxe1+ 37. Rxe1 Ne6 38. Rc1 Nd4 39. Rc5 Nxb3 40. Rxb5 Rxb5 41. Bxb5 Nc5 42. Kf1 a4 43. Ke1 a3 44. Bc4 Nd3+ 45. Kd2 Nxf2 46. Kc3 Ng4 47. h4 Ne3 48. Be2 Nf5 49. g4 Nxh4 50. Kb3 Kf8 51. Kxa3 Ke7 52. Kb3 Kf6 53. Bc4 Nf3 0-1

[Event "Prague Open 2025"]
[Site "Prague"]
[Date "2025.01.11"]
[Round "2.5"]
[White "Kulig, Pawel"]
[Black "Horak, Martin"]
[Result "0-1"]
[Annotator "RC"]
[ECO "B75"]
[WhiteElo "2033"]
[BlackElo "2357"]
[PlyCount "60"]
[EventDate "2025.01.07"]
[EventType "swiss"]
[EventCountry "CZE"]
[SourceTitle "playchess.com"]
[Source "ChessBase"]
[SourceQuality "1"]
[TimeControl "40/5400+30:1800+30"]

1. e4 c5 2. Nf3 d6 3. d4 cxd4 4. Nxd4 Nf6 5. Nc3 g6 6. f3 Bg7 7. Be3 a6 8. Qd2 h5 9. O-O-O b5 10. Kb1 Nbd7 11. Qf2 Bb7 12. Nb3 Rc8 13. Bd4 e5 14. Be3 Rxc3 15. bxc3 Qc7 16. Bd3 O-O 17. Rhf1 d5 18. Bc1 dxe4 19. fxe4 Rc8 20. Ba3 Qxc3 21. Qd2 Qc7 22. Rfe1 Nb6 23. Qa5 Nfd7 24. Rd2 Qc6 25. Rf2 Na4 26. Ref1 f5 27. Re1 fxe4 28. Bxe4 Nc3+ 29. Ka1 Nxe4 30. Rfe2 Nc3 0-1

[Event "Prague Open 2025"]
[Site "Prague"]
[Date "2025.01.11"]
[Round "2.6"]
[White "Lalic, Bogdan"]
[Black "Skodras, Marios Konstantinos"]
[Result "1-0"]
[Annotator "RC"]
[ECO "D11"]
[WhiteElo "2321"]
[BlackElo "2013"]
[PlyCount "99"]
[EventDate "2025.01.07"]
[EventType "swiss"]
[EventCountry "CZE"]
[SourceTitle "playchess.com"]
[Source "ChessBase"]
[SourceQuality "1"]
[TimeControl "40/5400+30:1800+30"]

1. c4 c6 2. d4 d5 3. Nf3 Nf6 4. Qc2 g6 5. Bf4 Bg7 6. e3 Bf5 7. Bd3 Bxd3 8. Qxd3 Nbd7 9. Nc3 e6 10. O-O O-O 11. Rfd1 Re8 12. h3 dxc4 13. Qxc4 Nb6 14. Qb3 Nfd5 15. Be5 Nxc3 16. bxc3 Qd5 17. Rab1 Re7 18. Bxg7 Kxg7 19. Qa3 Ree8 20. Ne5 Kg8 21. Qb4 Qxa2 22. c4 f6 23. Ra1 Qe2 24. Re1 Qc2 25. Rec1 Qf5 26. Ng4 Qg5 27. c5 h5 28. Nh2 Nd5 29. Qxb7 Rab8 30. Qxc6 Re7 31. Rcb1 Rxb1+ 32. Rxb1 Kg7 33. Nf3 Qf5 34. Rb8 g5 35. Qc8 Kg6 36. c6 a5 37. Qh8 Rg7 38. Nd2 Nc7 39. Rg8 Rxg8 40. Qxg8+ Kh6 41. Qd8 Nb5 42. c7 Nxc7 43. Qxc7 a4 44. Qc3 Qb5 45. d5 Qxd5 46. Qxf6+ Kh7 47. Nf3 e5 48. Nxe5 Kg8 49. Qxg5+ Kf8 50. Ng6+ 1-0

[Event "Prague Open 2025"]
[Site "Prague"]
[Date "2025.01.11"]
[Round "2.7"]
[White "Llopis de Aysa, Manuel"]
[Black "Colijn, Stefan"]
[Result "1-0"]
[Annotator "RC"]
[ECO "D38"]
[WhiteElo "2031"]
[BlackElo "2315"]
[PlyCount "135"]
[EventDate "2025.01.07"]
[EventType "swiss"]
[EventCountry "CZE"]
[SourceTitle "playchess.com"]
[Source "ChessBase"]
[SourceQuality "1"]
[TimeControl "40/5400+30:1800+30"]

1. d4 d5 2. c4 e6 3. Nf3 Nf6 4. Nc3 Bb4 5. Qa4+ Nc6 6. cxd5 exd5 7. Bg5 O-O 8. e3 h6 9. Bxf6 Qxf6 10. Rc1 Be6 11. a3 Bd6 12. Nb5 Rfc8 13. Nxd6 cxd6 14. Be2 a6 15. b4 Qd8 16. O-O Rc7 17. Qd1 Rac8 18. Qd2 Bf5 19. Rfd1 Ne7 20. Ne1 Qd7 21. b5 axb5 22. Rxc7 Rxc7 23. Qb2 Qc8 24. Bxb5 Rc3 25. h3 Qc7 26. a4 Be4 27. Ra1 Ng6 28. Ra3 Rc1 29. Ra1 Rxa1 30. Qxa1 Nh4 31. Qd1 Qc3 32. Bf1 g5 33. Qe2 Kg7 34. g3 Nf5 35. Nd3 Qa1 36. Nb2 b6 37. Kh2 Kg6 38. Bg2 h5 39. Qb5 h4 40. g4 Ne7 41. Qxb6 f6 42. Bxe4+ dxe4 43. Qb7 d5 44. Kg2 Kf7 45. Qb5 Kg7 46. a5 Ng6 47. a6 Nf4+ 48. exf4 gxf4 49. Qd7+ Kh6 50. Qf5 f3+ 51. Kh2 Kg7 52. Qd7+ Kh6 53. Qf7 Qxa6 54. Nd1 Qd6+ 55. Kg1 Qb6 56. Ne3 Qb1+ 57. Kh2 Qb8+ 58. Kg1 Qb1+ 59. Nf1 Qb6 60. Qf8+ Kh7 61. Qf7+ Kh6 62. Qxd5 Qb1 63. Qh5+ Kg7 64. Qxh4 Qe1 65. Qg3 Qd1 66. g5 f5 67. Qe5+ Kg6 68. Qf6+ 1-0

[Event "Prague Open 2025"]
[Site "Prague"]
[Date "2025.01.11"]
[Round "2.8"]
[White "Marek, Matyas"]
[Black "Korniichuk, Oleksandra"]
[Result "1-0"]
[Annotator "RC"]
[ECO "A46"]
[WhiteElo "2314"]
[BlackElo "2006"]
[PlyCount "57"]
[EventDate "2025.01.07"]
[EventType "swiss"]
[EventCountry "CZE"]
[SourceTitle "playchess.com"]
[Source "ChessBase"]
[SourceQuality "1"]
[TimeControl "40/5400+30:1800+30"]

1. d4 Nf6 2. Nf3 e6 3. Bf4 b6 4. e3 Bb7 5. Bd3 c5 6. c3 d5 7. Nbd2 Be7 8. Ne5 O-O 9. g4 Nfd7 10. h4 Nxe5 11. Bxe5 f6 12. Bg3 Nc6 13. Qb1 h6 14. g5 f5 15. gxh6 gxh6 16. Qd1 Qe8 17. Bf4 Kh7 18. Qf3 Qf7 19. Qh3 Rad8 20. Nf3 Rg8 21. Ng5+ Bxg5 22. hxg5 h5 23. g6+ Qxg6 24. O-O-O Qg4 25. Qh2 Qf3 26. Rdg1 Rxg1+ 27. Rxg1 Rg8 28. Bg5 cxd4 29. Rg3 1-0

[Event "Prague Open 2025"]
[Site "Prague"]
[Date "2025.01.11"]
[Round "2.9"]
[White "Mensing, Adrian"]
[Black "Golis, Wiktor"]
[Result "1-0"]
[Annotator "RC"]
[ECO "D30"]
[WhiteElo "2028"]
[BlackElo "2314"]
[PlyCount "63"]
[EventDate "2025.01.07"]
[EventType "swiss"]
[EventCountry "CZE"]
[SourceTitle "playchess.com"]
[Source "ChessBase"]
[SourceQuality "1"]
[TimeControl "40/5400+30:1800+30"]

1. d4 d5 2. c4 e6 3. Nf3 Nf6 4. g3 Bb4+ 5. Nbd2 dxc4 6. Bg2 b5 7. O-O O-O 8. a4 c6 9. Ne1 Nd5 10. Nc2 Be7 11. e4 Nf6 12. g4 e5 13. g5 Nfd7 14. Nf3 Qc7 15. axb5 cxb5 16. Ne3 Bb7 17. Nf5 Bb4 18. d5 Bd6 19. N3h4 Nc5 20. Qh5 Bc8 21. Be3 a5 22. Kh1 g6 23. Nh6+ Kg7 24. Qf3 Qe7 25. Rg1 Kh8 26. Qg3 Nd3 27. N4f5 gxf5 28. exf5 e4 29. Qh4 Qe5 30. Bxe4 Rg8 31. Nxf7+ Kg7 32. Nxe5 1-0

[Event "Prague Open 2025"]
[Site "Prague"]
[Date "2025.01.11"]
[Round "2.10"]
[White "Kulhanek, Tomas"]
[Black "Topencik, Bruno"]
[Result "1/2-1/2"]
[Annotator "RC"]
[ECO "C42"]
[WhiteElo "2313"]
[BlackElo "1985"]
[PlyCount "21"]
[EventDate "2025.01.07"]
[EventType "swiss"]
[EventCountry "CZE"]
[SourceTitle "playchess.com"]
[Source "ChessBase"]
[SourceQuality "1"]
[TimeControl "40/5400+30:1800+30"]

1. e4 e5 2. Nf3 Nf6 3. Nxe5 d6 4. Nf3 Nxe4 5. d3 Nf6 6. d4 d5 7. Bd3 c5 8. O-O c4 9. Re1+ Be7 10. Bf1 O-O 11. b3 1/2-1/2

[Event "Prague Open 2025"]
[Site "Prague"]
[Date "2025.01.11"]
[Round "2.11"]
[White "Vardanyan, Aras"]
[Black "Pousada Garcia, Victor Daniel"]
[Result "1-0"]
[Annotator "RC"]
[ECO "E06"]
[WhiteElo "2312"]
[BlackElo "1984"]
[PlyCount "223"]
[EventDate "2025.01.07"]
[EventType "swiss"]
[EventCountry "CZE"]
[SourceTitle "playchess.com"]
[Source "ChessBase"]
[SourceQuality "1"]
[TimeControl "40/5400+30:1800+30"]

1. d4 Nf6 2. c4 e6 3. Nf3 d5 4. g3 Be7 5. Bg2 O-O 6. O-O dxc4 7. Qc2 a6 8. a4 Bd7 9. Rd1 Bc6 10. Qxc4 b5 11. Qd3 Be4 12. Qe3 b4 13. Nbd2 Bc2 14. Ne1 Bxd1 15. Bxa8 Nbd7 16. Bc6 Nb6 17. a5 Nbd5 18. Qd3 b3 19. Bxd5 Qxd5 20. Ndf3 Bc2 21. Nxc2 bxc2 22. Qxa6 Ra8 23. Qd3 Rxa5 24. Rxa5 Qxa5 25. Qxc2 h6 26. Ne5 Nd5 27. Bd2 Qb6 28. Nc6 Bd6 29. e3 Ne7 30. Nxe7+ Bxe7 31. Qc3 h5 32. h3 h4 33. gxh4 Qb7 34. Kf1 Bxh4 35. Ke2 Qb5+ 36. Ke1 Qf5 37. Qxc7 Qxf2+ 38. Kd1 Bg5 39. Qc8+ Kh7 40. Qc2+ Kg8 41. Qe4 Qf1+ 42. Kc2 Qc4+ 43. Kb1 Qf1+ 44. Ka2 Qc4+ 45. Kb1 Qf1+ 46. Ka2 Qc4+ 47. Ka3 Qe2 48. Bc1 Qc4 49. Bd2 Qe2 50. Bc3 Qxe3 51. Qc6 Qf2 52. Ka4 Bc1 53. b4 Qa2+ 54. Kb5 f5 55. Kb6 f4 56. b5 Qe2 57. d5 exd5 58. Qxd5+ Kh7 59. Qd7 Be3+ 60. Ka6 Qa2+ 61. Ba5 Qc4 62. Bc7 Qa2+ 63. Kb7 Qg2+ 64. Kc8 Qg1 65. Be5 Qg6 66. h4 Kh6 67. b6 Bxb6 68. Bxf4+ Kh7 69. Be5 Qc2+ 70. Kb8 Qg2 71. h5 Be3 72. Qd3+ Kg8 73. Qxe3 Qc6 74. Qg5 Qb6+ 75. Kc8 Qc6+ 76. Kd8 Qb6+ 77. Kd7 Qb5+ 78. Ke7 Qc5+ 79. Ke6 Qc8+ 80. Kd5 Qb7+ 81. Kd4 Qb2+ 82. Ke4 Qc2+ 83. Kf3 Qd1+ 84. Kf2 Qc2+ 85. Kg3 Qd3+ 86. Kh4 Qe4+ 87. Bf4 Qh1+ 88. Kg4 Qd1+ 89. Kh3 Qh1+ 90. Bh2 Qf1+ 91. Kh4 Qe1+ 92. Qg3 Qe4+ 93. Kh3 Qf5+ 94. Qg4 Qf1+ 95. Kg3 Qe1+ 96. Kg2 Qd2+ 97. Kh3 Qd3+ 98. Bg3 Qd5 99. Qe2 Qd7+ 100. Kh2 Qc6 101. Be5 Qa4 102. Kg3 Qb3+ 103. Qf3 Qb1 104. Bd4 Qb8+ 105. Kh3 Qb1 106. h6 gxh6 107. Qd5+ Kf8 108. Qd8+ Kf7 109. Qd7+ Kf8 110. Bc5+ Kg8 111. Qe8+ Kg7 112. Bd4+ 1-0

[Event "Prague Open 2025"]
[Site "Prague"]
[Date "2025.01.11"]
[Round "2.12"]
[White "Zawal, Krzysztof"]
[Black "Radzimski, Antoni"]
[Result "0-1"]
[Annotator "RC"]
[ECO "C78"]
[WhiteElo "2013"]
[BlackElo "2289"]
[PlyCount "80"]
[EventDate "2025.01.07"]
[EventType "swiss"]
[EventCountry "CZE"]
[SourceTitle "playchess.com"]
[Source "ChessBase"]
[SourceQuality "1"]
[TimeControl "40/5400+30:1800+30"]

1. e4 e5 2. Nf3 Nc6 3. Bb5 a6 4. Ba4 Nf6 5. O-O b5 6. Bb3 Bb7 7. Re1 Bc5 8. c3 d6 9. d4 Bb6 10. a4 O-O 11. Bg5 h6 12. Bh4 exd4 13. cxd4 g5 14. Nxg5 hxg5 15. Bxg5 Nxd4 16. Bd5 c6 17. Ra3 Re8 18. Rg3 Kf8 19. Bh6+ Ke7 20. Rg7 cxd5 21. exd5+ Kd7 22. Rxf7+ Kc8 23. Rxe8 Nxe8 24. Qh5 Kb8 25. Be3 b4 26. Qh8 Ne2+ 27. Kf1 Bxe3 28. fxe3 Nc1 29. Rf8 Ka7 30. a5 Qxa5 31. Qd4+ Qb6 32. Qxb6+ Kxb6 33. h4 Bxd5 34. h5 Nb3 35. h6 Be4 36. Rf4 d5 37. g4 a5 38. Rf7 Nd6 39. Rf6 Kc5 40. g5 Rg8 0-1

[Event "Prague Open 2025"]
[Site "Prague"]
[Date "2025.01.11"]
[Round "2.13"]
[White "Sokhor, Nazar"]
[Black "Goh, Choon Keng Philip"]
[Result "1-0"]
[Annotator "RC"]
[ECO "A40"]
[WhiteElo "2265"]
[BlackElo "1978"]
[PlyCount "55"]
[EventDate "2025.01.07"]
[EventType "swiss"]
[EventCountry "CZE"]
[SourceTitle "playchess.com"]
[Source "ChessBase"]
[SourceQuality "1"]
[TimeControl "40/5400+30:1800+30"]

1. d4 e6 2. Nf3 Nf6 3. Bf4 c5 4. c3 Qb6 5. Qb3 Nc6 6. e3 d5 7. Na3 Qxb3 8. axb3 Nh5 9. Bc7 cxd4 10. exd4 Be7 11. h3 O-O 12. b4 Bd7 13. b5 Nb8 14. Bd3 Rc8 15. Bh2 Be8 16. O-O Nd7 17. Ra2 Nhf6 18. Rfa1 Bd8 19. c4 dxc4 20. Nxc4 Bb6 21. Bd6 Rxc4 22. Bxc4 Rc8 23. Bd3 Nd5 24. b4 Rc3 25. Ra3 N7f6 26. Bc5 Bc7 27. Rxc3 Nxc3 28. Rxa7 1-0

[Event "Prague Open 2025"]
[Site "Prague"]
[Date "2025.01.11"]
[Round "2.14"]
[White "Amonov, Daler"]
[Black "Pourquet, Matthieu"]
[Result "1/2-1/2"]
[Annotator "RC"]
[ECO "B13"]
[WhiteElo "2004"]
[BlackElo "2262"]
[PlyCount "58"]
[EventDate "2025.01.07"]
[EventType "swiss"]
[EventCountry "CZE"]
[SourceTitle "playchess.com"]
[Source "ChessBase"]
[SourceQuality "1"]
[TimeControl "40/5400+30:1800+30"]

1. e4 c6 2. d4 d5 3. exd5 cxd5 4. Bd3 Nf6 5. c3 Bg4 6. Qb3 Qc7 7. h3 Bd7 8. Ne2 Nc6 9. Bf4 e5 10. dxe5 Nxe5 11. Bxe5 Qxe5 12. Nd2 Bc5 13. Nf3 Qc7 14. O-O O-O 15. a4 Rad8 16. a5 a6 17. Ned4 g6 18. Rfc1 Bc8 19. Qc2 Rfe8 20. b4 Bf8 21. b5 Bh6 22. Rcb1 Ne4 23. bxa6 bxa6 24. Rb6 Rd6 25. Rab1 Qc5 26. Nb3 Qc7 27. Nbd4 Qc5 28. Qa4 Bd7 29. Qc2 Qc7 1/2-1/2

[Event "Prague Open 2025"]
[Site "Prague"]
[Date "2025.01.11"]
[Round "2.15"]
[White "Chan, Kim Yew"]
[Black "Maly, Filip"]
[Result "1-0"]
[Annotator "RC"]
[ECO "E63"]
[WhiteElo "2258"]
[BlackElo "1970"]
[PlyCount "75"]
[EventDate "2025.01.07"]
[EventType "swiss"]
[EventCountry "CZE"]
[SourceTitle "playchess.com"]
[Source "ChessBase"]
[SourceQuality "1"]
[TimeControl "40/5400+30:1800+30"]

1. Nf3 Nf6 2. c4 g6 3. d4 Bg7 4. g3 O-O 5. Bg2 d6 6. Nc3 Nc6 7. O-O a6 8. d5 Na5 9. b3 b5 10. cxb5 axb5 11. b4 Nc4 12. Nd4 Bb7 13. Ndxb5 e6 14. e4 exd5 15. exd5 Nxd5 16. Nxd5 Bxa1 17. Bh6 Rxa2 18. Bxf8 Kxf8 19. Qb3 Ra8 20. Qxc4 c6 21. Nf4 cxb5 22. Qxb5 Bxg2 23. Kxg2 Be5 24. Nd5 Ra2 25. Qc6 Qg5 26. b5 h5 27. Qc4 Rb2 28. b6 h4 29. Kh3 Qf5+ 30. Kg2 h3+ 31. Kg1 Qf3 32. Ne3 Rxb6 33. Qc8+ Kg7 34. Qxh3 Rb2 35. Ng4 Bd4 36. Qh6+ Kg8 37. Qh4 d5 38. Nh6+ 1-0

[Event "Prague Open 2025"]
[Site "Prague"]
[Date "2025.01.11"]
[Round "2.16"]
[White "Bohatyrov, Mykola"]
[Black "Tolmacevs, Artjoms"]
[Result "0-1"]
[Annotator "RC"]
[ECO "A04"]
[WhiteElo "1998"]
[BlackElo "2252"]
[PlyCount "68"]
[EventDate "2025.01.07"]
[EventType "swiss"]
[EventCountry "CZE"]
[SourceTitle "playchess.com"]
[Source "ChessBase"]
[SourceQuality "1"]
[TimeControl "40/5400+30:1800+30"]

1. Nf3 c5 2. c4 g6 3. g3 Bg7 4. Bg2 Nc6 5. O-O e5 6. Nc3 d6 7. e3 Nge7 8. b3 Bg4 9. h3 Bf5 10. Bb2 Bd3 11. Re1 f5 12. Ng5 Qd7 13. Nd5 O-O 14. Rc1 h6 15. Nxe7+ Nxe7 16. Nf3 Nc6 17. a3 e4 18. Bxg7 Qxg7 19. Nh2 Qb2 20. f3 Rae8 21. fxe4 fxe4 22. Ng4 h5 23. Nf2 Rxf2 24. Kxf2 Qe5 25. Kg1 Qxg3 26. Rf1 Bxf1 27. Qxf1 Ne5 28. Qf4 Nf3+ 29. Kh1 Qxf4 30. exf4 Nxd2 31. Re1 e3 32. Bxb7 Nxb3 33. Kg2 Kg7 34. Bd5 Kf6 0-1

[Event "Prague Open 2025"]
[Site "Prague"]
[Date "2025.01.11"]
[Round "2.17"]
[White "Jaskolka, Tomasz"]
[Black "Zelezny, Jan"]
[Result "1-0"]
[Annotator "RC"]
[ECO "D00"]
[WhiteElo "2210"]
[BlackElo "1960"]
[PlyCount "45"]
[EventDate "2025.01.07"]
[EventType "swiss"]
[EventCountry "CZE"]
[SourceTitle "playchess.com"]
[Source "ChessBase"]
[SourceQuality "1"]
[TimeControl "40/5400+30:1800+30"]

1. d4 d5 2. Bf4 Nf6 3. e3 e6 4. Nf3 Bd6 5. c3 Bxf4 6. exf4 O-O 7. Nbd2 b6 8. Ne5 a5 9. g3 Ba6 10. Bxa6 Nxa6 11. O-O c5 12. Rc1 c4 13. Qf3 Nd7 14. Rfe1 Nxe5 15. Rxe5 Nb8 16. f5 Qg5 17. fxe6 Qxd2 18. exf7+ Kh8 19. Rd1 Qc2 20. Re8 Nd7 21. Rde1 Qg6 22. Rxa8 Rxa8 23. Qxd5 1-0

[Event "Prague Open 2025"]
[Site "Prague"]
[Date "2025.01.11"]
[Round "2.18"]
[White "Svadlenka, Dominik"]
[Black "Mueer, Sebastian"]
[Result "0-1"]
[Annotator "RC"]
[ECO "E34"]
[WhiteElo "1985"]
[BlackElo "2192"]
[PlyCount "76"]
[EventDate "2025.01.07"]
[EventType "swiss"]
[EventCountry "CZE"]
[SourceTitle "playchess.com"]
[Source "ChessBase"]
[SourceQuality "1"]
[TimeControl "40/5400+30:1800+30"]

1. d4 Nf6 2. c4 e6 3. Nc3 Bb4 4. Qc2 d5 5. Bg5 dxc4 6. e3 c5 7. dxc5 Qd5 8. Bxf6 gxf6 9. a3 Ba5 10. Qa4+ Nc6 11. Qxc4 Qxc4 12. Bxc4 Bxc3+ 13. bxc3 Rg8 14. Nf3 Rxg2 15. Rb1 a6 16. Bd3 Na5 17. h4 h6 18. Ke2 Bd7 19. Nd4 Rc8 20. c6 bxc6 21. Bxa6 Ra8 22. Bd3 Ke7 23. Be4 Rgg8 24. Kd3 f5 25. Bf3 e5 26. Rb6 exd4 27. cxd4 Rgb8 28. Rhb1 Rxb6 29. Rxb6 Kd6 30. Kc3 Be6 31. Rb4 Kc7 32. a4 Rg8 33. Rb1 Ba2 34. Rb2 Be6 35. Rb1 Nc4 36. Rc1 Ra8 37. Kb4 Rb8+ 38. Kc5 Nd2 0-1

[Event "Prague Open 2025"]
[Site "Prague"]
[Date "2025.01.11"]
[Round "2.19"]
[White "Moser, Axel"]
[Black "Rajnys, Vladimir"]
[Result "1-0"]
[Annotator "RC"]
[ECO "D37"]
[WhiteElo "2160"]
[BlackElo "1954"]
[PlyCount "77"]
[EventDate "2025.01.07"]
[EventType "swiss"]
[EventCountry "CZE"]
[SourceTitle "playchess.com"]
[Source "ChessBase"]
[SourceQuality "1"]
[TimeControl "40/5400+30:1800+30"]

1. d4 d5 2. c4 e6 3. Nc3 Nf6 4. Nf3 Be7 5. Bf4 c6 6. e3 Nbd7 7. Qc2 O-O 8. h3 dxc4 9. Bxc4 Nb6 10. Be2 Nbd5 11. Bh2 Qa5 12. O-O Nxc3 13. bxc3 b6 14. Ne5 Bb7 15. Bf3 Rac8 16. Nc4 Qg5 17. Bf4 Qb5 18. Ne5 Qa5 19. Nc4 Qb5 20. Be2 Qd5 21. Ne5 Qa5 22. e4 b5 23. a4 Qb6 24. a5 Qd8 25. Rfd1 a6 26. c4 Nd7 27. Nf3 Bb4 28. c5 Bxa5 29. e5 Bc7 30. Ng5 g6 31. Ra3 Qe7 32. Rg3 f6 33. Nxh7 Qxh7 34. Rxg6+ Kf7 35. Bd3 Qh8 36. Rh6 Qg8 37. Rg6 Qh8 38. Rh6 Qg8 39. Bh7 1-0

[Event "Prague Open 2025"]
[Site "Prague"]
[Date "2025.01.11"]
[Round "2.20"]
[White "Elashvili, Giorgi"]
[Black "Mannion, Stephen R"]
[Result "1/2-1/2"]
[Annotator "RC"]
[ECO "A06"]
[WhiteElo "1980"]
[BlackElo "2159"]
[PlyCount "40"]
[EventDate "2025.01.07"]
[EventType "swiss"]
[EventCountry "CZE"]
[SourceTitle "playchess.com"]
[Source "ChessBase"]
[SourceQuality "1"]
[TimeControl "40/5400+30:1800+30"]

1. Nf3 d5 2. e3 Nf6 3. b3 Bf5 4. Bb2 e6 5. Be2 h6 6. O-O Bd6 7. Ne5 O-O 8. f4 Nbd7 9. d3 Qe7 10. Qe1 c6 11. Qg3 Ne8 12. Nd2 Nxe5 13. Bxe5 f6 14. Bxd6 Nxd6 15. a4 Rad8 16. Rf2 Bh7 17. Bg4 Bf5 18. h3 e5 19. fxe5 fxe5 20. Raf1 Bxg4 1/2-1/2

[Event "Prague Open 2025"]
[Site "Prague"]
[Date "2025.01.11"]
[Round "2.21"]
[White "Fizer, Marek"]
[Black "Skettos, Nicolas"]
[Result "1-0"]
[Annotator "RC"]
[ECO "C10"]
[WhiteElo "2155"]
[BlackElo "1954"]
[PlyCount "65"]
[EventDate "2025.01.07"]
[EventType "swiss"]
[EventCountry "CZE"]
[SourceTitle "playchess.com"]
[Source "ChessBase"]
[SourceQuality "1"]
[TimeControl "40/5400+30:1800+30"]

1. e4 e6 2. d4 d5 3. Nc3 dxe4 4. Nxe4 Nd7 5. Nf3 Ngf6 6. Nxf6+ Nxf6 7. Be2 c5 8. O-O Be7 9. Bf4 O-O 10. dxc5 Bxc5 11. Ne5 Nd5 12. Bg3 f6 13. Nd3 Bd6 14. Bf3 Bxg3 15. hxg3 Nb6 16. a4 a5 17. Qe2 Qc7 18. Ra3 e5 19. Rc3 Qe7 20. Nc5 f5 21. Qb5 Rf6 22. Rd1 e4 23. Bh5 g6 24. Be2 Rc6 25. Nxe4 Qxe4 26. Bf3 Qb4 27. Rd8+ Kg7 28. Bxc6 bxc6 29. Qe5+ Kh6 30. Rd4 Nd5 31. Rxb4 axb4 32. Rc4 f4 33. Rxc6 1-0

[Event "Prague Open 2025"]
[Site "Prague"]
[Date "2025.01.11"]
[Round "3.1"]
[White "Harshavardhan G B"]
[Black "Fizer, Marek"]
[Result "1-0"]
[Annotator "RC"]
[ECO "D20"]
[WhiteElo "2405"]
[BlackElo "2155"]
[PlyCount "99"]
[EventDate "2025.01.07"]
[EventType "swiss"]
[EventCountry "CZE"]
[SourceTitle "playchess.com"]
[Source "ChessBase"]
[SourceQuality "1"]
[TimeControl "40/5400+30:1800+30"]

1. d4 d5 2. c4 dxc4 3. e4 b5 4. a4 c6 5. Nc3 b4 6. Na2 e6 7. Bxc4 Nf6 8. f3 Be7 9. Be3 O-O 10. Ne2 a5 11. O-O Ba6 12. Rc1 Nbd7 13. Bxa6 Rxa6 14. b3 Qa8 15. Rc2 Rc8 16. Nac1 c5 17. Nd3 cxd4 18. Nxd4 Nc5 19. Qc1 Nfd7 20. Rff2 Bf8 21. Rfd2 Nxd3 22. Rxd3 Rxc2 23. Qxc2 Nc5 24. Rd1 e5 25. Nb5 Ne6 26. Qd3 Qc8 27. Kf1 Nf4 28. Qd2 Rg6 29. Rc1 Qe6 30. Bxf4 exf4 31. Rc4 Qf6 32. Qd4 Qg5 33. Rc2 h5 34. Nc7 h4 35. h3 Kh7 36. Nd5 Bd6 37. Qf2 Qg3 38. Qxg3 hxg3 39. Rc6 Be5 40. Rxg6 Kxg6 41. Ke2 Bd6 42. Kd3 f6 43. Nb6 Bc7 44. Nc4 f5 45. Kd4 Kf6 46. exf5 Kxf5 47. Kd5 g5 48. Kc6 Bd8 49. Kd6 Kf6 50. Kd7 1-0

[Event "Prague Open 2025"]
[Site "Prague"]
[Date "2025.01.11"]
[Round "3.2"]
[White "Adrian, Claude"]
[Black "Senthil Maran K"]
[Result "0-1"]
[Annotator "ChessBase"]
[ECO "A16"]
[WhiteElo "2151"]
[BlackElo "2398"]
[PlyCount "74"]
[EventDate "2025.01.07"]
[EventType "swiss"]
[EventCountry "CZE"]
[SourceTitle "playchess.com"]
[Source "ChessBase"]
[SourceQuality "1"]
[TimeControl "40/5400+30:1800+30"]

1. c4 Nf6 2. Nc3 b6 3. e4 e5 4. Nf3 Nc6 5. Be2 Bc5 6. Nxe5 Nxe5 7. d4 Bd6 8. dxe5 Bxe5 9. f4 Bxc3+ 10. bxc3 Bb7 11. e5 Ne4 12. O-O Nxc3 13. Qc2 Nxe2+ 14. Qxe2 Qe7 15. a4 Qc5+ 16. Be3 Qc6 17. Rfc1 O-O 18. c5 Qg6 19. Ra3 f6 20. Bd4 Qe4 21. Qf2 fxe5 22. Bxe5 Rae8 23. Re1 Rxf4 24. Rxe4 Rxf2 25. Kxf2 Bxe4 26. Bxc7 bxc5 27. Rc3 Rf8+ 28. Kg3 Rf5 29. Bd6 Bc6 30. Rxc5 Rf6 31. Be7 Re6 32. Bd8 Re2 33. Ra5 Rxg2+ 34. Kh3 Ra2 35. Rxa7 Bxa4 36. Bg5 Ra3+ 37. Kh4 h6 0-1

[Event "Prague Open 2025"]
[Site "Prague"]
[Date "2025.01.11"]
[Round "3.3"]
[White "Jain Kashish Manoj"]
[Black "Kuhn, Ulf"]
[Result "1-0"]
[Annotator "RC"]
[ECO "B48"]
[WhiteElo "2363"]
[BlackElo "2115"]
[PlyCount "73"]
[EventDate "2025.01.07"]
[EventType "swiss"]
[EventCountry "CZE"]
[SourceTitle "playchess.com"]
[Source "ChessBase"]
[SourceQuality "1"]
[TimeControl "40/5400+30:1800+30"]

1. e4 c5 2. Nf3 e6 3. d4 cxd4 4. Nxd4 Nc6 5. Nc3 Qc7 6. Be3 a6 7. Qf3 Nf6 8. O-O-O Ne5 9. Qg3 b5 10. f4 Neg4 11. Bd2 b4 12. Na4 h5 13. Bd3 Bb7 14. h3 Nh6 15. Rhe1 g6 16. Kb1 Be7 17. Qf2 d5 18. e5 Ne4 19. Bxe4 dxe4 20. Nb3 Nf5 21. g4 e3 22. Bxe3 Bh4 23. Qg1 hxg4 24. hxg4 Bxe1 25. gxf5 Rh1 26. Qg4 exf5 27. Qe2 Bh4 28. Rxh1 Bxh1 29. Qh2 Be4 30. Bc5 Qd8 31. Bd6 Rc8 32. Nac5 g5 33. Qe2 gxf4 34. Qh5 Bf6 35. Qh7 Qxd6 36. exd6 Kf8 37. Nd7+ 1-0

[Event "Prague Open 2025"]
[Site "Prague"]
[Date "2025.01.11"]
[Round "3.4"]
[White "Lewtak, Damian"]
[Black "Rybackova, Lucie"]
[Result "1-0"]
[Annotator "RC"]
[ECO "B40"]
[WhiteElo "2359"]
[BlackElo "2077"]
[PlyCount "111"]
[EventDate "2025.01.07"]
[EventType "swiss"]
[EventCountry "CZE"]
[SourceTitle "playchess.com"]
[Source "ChessBase"]
[SourceQuality "1"]
[TimeControl "40/5400+30:1800+30"]

1. e4 c5 2. Nf3 e6 3. b3 d6 4. Bb2 Nc6 5. Bb5 e5 6. O-O Nge7 7. c3 a6 8. Bxc6+ Nxc6 9. d4 g6 10. dxc5 dxc5 11. Qxd8+ Kxd8 12. Rd1+ Kc7 13. Nbd2 Bh6 14. Nc4 f6 15. Bc1 Bxc1 16. Raxc1 Be6 17. Ne3 Rhd8 18. Nd5+ Bxd5 19. exd5 Ne7 20. c4 Nf5 21. Nd2 Nd6 22. f3 f5 23. Re1 Re8 24. Re2 Re7 25. b4 b6 26. bxc5 bxc5 27. Nb3 Nb7 28. Rb1 Rae8 29. Kf2 e4 30. Rbe1 Kd7 31. fxe4 fxe4 32. Ke3 Kc7 33. Kd2 Nd6 34. Kc3 Nb7 35. Rf1 Rd8 36. Rf6 Rd6 37. Rf4 e3 38. Rf3 Rdd7 39. Kd3 a5 40. Rf6 Rd6 41. Rxd6 Kxd6 42. a4 Rf7 43. Rxe3 Rf2 44. Re6+ Kd7 45. Rb6 Kc7 46. Rc6+ Kd7 47. Nxc5+ Nxc5+ 48. Rxc5 Rxg2 49. Rxa5 Rxh2 50. Kd4 h5 51. Ra7+ Kd8 52. c5 h4 53. c6 Rc2 54. Rh7 Ra2 55. d6 Rxa4+ 56. Ke5 1-0